Map: Proxima Station LE

Players

Musumeci - Winner!

  • Race: Zerg Zerg
  • League: Diamond
  • Spawn Location: 1:00

Gyyyzmo

  • Race: Terran Terran
  • League: Diamond
  • Spawn Location: 7:00

VOD

Have the link to the VOD?

Description

Time

  • Played on: Feb. 12, 2017, 12:46 p.m.
  • Length: 21:39
Show
View Real Time Build Order
Export as new Build Order

Musumeci Zerg - Winner!

Build Orders: Hatch First 

Get SALT Encoding   

  12  0:00  Drone  
  13  0:08  Drone  
  14  0:21  Drone, Extractor  
  15  0:45  Hatchery  
  15  0:48  Drone, Extractor  
  15  1:04  Spawning Pool  
  14  1:13  Extractor  
  14  1:14  Drone, Extractor  
  14  1:15  Drone  
  14  1:29  Overlord  
  16  1:47  Drone x3  
  16  1:52  Queen  
  21  1:56  Queen  
  21  1:58  Drone  
  24  2:02  Drone  
  25  2:09  Overlord  
  25  2:12  Drone  
  26  2:18  Drone  
  26  2:20  Drone  
  28  2:29  Drone  
  29  2:31  Queen  
  29  2:35  Queen  
  33  2:43  Drone x3  
  36  3:14  Overlord  
  36  3:28  Drone  
  36  3:30  Overlord  
  36  3:31  Overlord  
  36  3:35  Extractor  
  36  3:37  Drone x6  
  36  3:38  Extractor, Roach Warren  
  39  3:47  Drone x5  
  44  3:51  Hatchery  
  43  3:57  Drone x2  
  43  3:58  Drone  
  46  4:03  Overlord  
  46  4:26  Roach x3  
  46  4:29  Roach  
  54  4:37  Spore Crawler x2  
  52  4:39  Spore Crawler  
  52  4:40  Spore Crawler  
  52  4:41  Spore Crawler  
  52  4:42  Spore Crawler  
  52  4:45  Roach x3, Spore Crawler  
  53  4:54  Overlord x3  
  53  4:59  Drone x2  
  55  5:00  Drone, Extractor  
  55  5:03  Drone  
  55  5:06  Lair, Extractor  
  55  5:12  Drone x2  
  55  5:14  Drone  
  58  5:23  Drone, Evolution Chamber  
  58  5:24  Drone x2, Evolution Chamber  
  58  5:27  Drone x3  
  62  5:29  Drone  
  63  5:47  Roach x6  
  73  5:56  Queen  
  71  6:10  Spore Crawler  
  71  6:11  Drone x4, Spore Crawler  
  69  6:12  Drone x3  
  69  6:14  Overlord  
  69  6:18  Zerg Missile Weapons Level 1  
  76  6:24  Zerg Ground Armor Level 1  
  76  6:28  Glial Reconstitution  
  76  6:43  Ravager x3  
  76  6:44  Ravager  
  80  6:49  Drone x9  
  80  6:50  Drone  
  90  6:55  Drone x5  
  90  6:57  Drone  
  90  6:59  Overlord  
  96  7:03  Overlord  
  96  7:06  Overlord  
  94  7:20  Overseer  
  82  7:44  Queen  
  84  8:12  Roach x16  
  122  8:13  Roach x3  
  122  8:14  Zerg Missile Weapons Level 2  
  122  8:18  Zerg Ground Armor Level 2  
  122  8:26  Extractor  
  121  8:28  Extractor  
  121  8:33  Spine Crawler  
  119  8:35  Spine Crawler  
  118  8:44  Ravager x4  
  117  9:04  Drone  
  117  9:05  Drone x4  
  116  9:43  Drone x6  
  116  9:45  Overlord x4  
  122  9:51  Spore Crawler  
  121  9:57  Drone  
  121  9:59  Overlord x3  
  122  10:00  Overlord  
  122  10:03  Queen  
  122  10:05  Drone x9  
  133  10:22  Drone x4  
  137  10:38  Queen  
  138  10:45  Roach x7  
  138  10:49  Spore Crawler  
  151  10:50  Spore Crawler  
  151  10:55  Ravager x12  
  151  10:56  Ravager  
  161  11:11  Queen  
  136  11:43  Queen  
  136  12:02  Hatchery, Ravager x7  
  136  12:03  Roach x9  
  136  12:04  Roach x9  
  161  13:19  Infestation Pit  
  160  13:20  Drone x11  
  160  13:21  Roach x3  
  160  13:22  Roach x3  
  160  13:23  Overlord x5  
  167  13:48  Extractor  
  167  13:49  Extractor  
  165  13:58  Hive  
  165  14:04  Roach x10  
  169  14:18  Ravager x8  
  116  14:47  Roach x15  
  116  14:48  Roach x6  
  129  15:10  Ravager  
  129  15:11  Ravager x3  
  129  15:14  Ravager x3  
  130  15:16  Roach x12  
  154  15:21  Queen  
  154  15:26  Zerg Missile Weapons Level 3, Zerg Ground Armor Level 3  
  156  15:29  Tunneling Claws  
  156  15:35  Burrow  
  156  15:41  Ravager  
  156  15:42  Ravager  
  158  15:43  Roach  
  158  15:47  Roach x4  
  158  15:49  Hatchery, Extractor  
  151  15:54  Extractor  
  138  16:06  Roach x5  
  138  16:07  Roach x11  
  147  16:51  Ravager  
  147  16:52  Ravager x3  
  142  16:58  Roach x4  
  142  16:59  Roach x10  
  142  17:01  Ravager x4  
  146  17:18  Roach x2  
  146  17:19  Roach x7  
  159  17:30  Ravager x3  
  159  17:31  Ravager x4  
  159  17:34  Drone x3  
  163  17:45  Ravager x4  
  163  17:46  Ravager  
  163  17:49  Roach x3  
  163  17:50  Roach x4  
  168  17:51  Roach  
  168  17:52  Roach  
  168  17:56  Roach x4  
  168  17:57  Roach x7  
  153  18:08  Roach x5  
  153  18:09  Roach x6  
  163  18:27  Roach x5  
  159  18:39  Queen  
  148  18:59  Ravager x2  
  148  19:00  Ravager x3  
  149  19:15  Roach x9  
  149  19:16  Roach x23  
  173  19:33  Roach x2  
  154  19:42  Roach x15  
  161  19:50  Drone x12  
  137  19:57  Roach x8  
  143  20:00  Ravager x2  
  143  20:01  Ravager x2  
  147  20:07  Ravager  
  147  20:08  Ravager x3  
  151  20:19  Roach, Ravager  
  152  20:22  Roach  
  152  20:26  Hatchery  
  151  20:34  Roach  
  151  20:35  Roach x3  
  155  21:08  Ravager  
  155  21:09  Roach x12  
Show
View Real Time Build Order
Export as new Build Order

Gyyyzmo Terran 

Build Orders: Reaper Expand, MMM Bio 

Get SALT Encoding   

  12  0:01  SCV  
  13  0:13  SCV  
  14  0:21  Supply Depot  
  14  0:25  SCV  
  15  0:42  SCV  
  16  0:44  Barracks  
  16  0:48  Refinery  
  16  0:55  SCV  
  17  1:07  SCV  
  18  1:19  SCV  
  19  1:31  Orbital Command, Reaper  
  20  1:44  Command Center  
  20  1:57  Barracks  
  20  2:02  SCV  
  20  2:06  Refinery  
  21  2:11  Barracks Reactor  
  21  2:19  Supply Depot  
  21  2:36  SCV  
  21  2:51  Marine, Barracks Tech Lab  
  21  2:52  Marine  
  21  2:56  SCV  
  23  2:58  Factory  
  23  3:08  SCV  
  23  3:12  Marine x3  
  26  3:13  Stimpack  
  27  3:20  SCV  
  27  3:26  Orbital Command  
  28  3:31  Marine x3  
  31  3:40  SCV  
  32  3:44  Factory Reactor  
  32  3:45  Starport  
  32  3:49  Marine x3  
  32  3:55  Supply Depot  
  35  4:00  SCV x2  
  37  4:07  Marine x2  
  37  4:08  Marine  
  40  4:30  Marine x3  
  43  4:32  Medivac x2  
  43  4:34  SCV  
  43  4:35  SCV  
  49  4:38  Factory Reactor  
  49  4:46  SCV  
  49  4:47  SCV  
  51  4:53  Supply Depot  
  51  4:56  Marine x2, Supply Depot  
  51  4:57  Marine  
  54  5:14  SCV x2, Medivac  
  54  5:15  Widow Mine x2  
  54  5:17  Marine  
  54  5:18  Marine  
  64  5:24  Supply Depot  
  64  5:25  Marine  
  64  5:26  SCV x2  
  67  5:31  Combat Shields  
  67  5:35  Marine  
  67  5:36  Marine  
  67  5:38  SCV  
  67  5:40  SCV  
  64  5:50  SCV  
  64  5:52  SCV  
  63  6:00  Widow Mine, Marine x3  
  63  6:01  Medivac  
  63  6:02  Widow Mine, Medivac  
  63  6:03  SCV  
  75  6:10  SCV  
  66  6:13  Command Center  
  66  6:15  SCV  
  66  6:17  Marine  
  66  6:18  Marine x2  
  70  6:22  SCV  
  70  6:24  Barracks  
  71  6:26  Barracks  
  71  6:30  Barracks  
  71  6:35  Marine x2  
  71  6:36  Marine  
  74  6:43  Widow Mine x2  
  78  6:53  Concussive Shells  
  78  6:56  Engineering Bay  
  78  6:57  Supply Depot, Engineering Bay  
  78  6:58  Supply Depot x2  
  78  7:18  Marine x2, Medivac x2  
  78  7:19  Marauder  
  74  7:48  Barracks Reactor x2  
  74  7:49  Widow Mine x2, Barracks Tech Lab  
  74  7:50  Marauder, Medivac  
  78  8:04  Command Center, Supply Depot  
  78  8:05  Refinery, Marine x2, Supply Depot x2  
  80  8:07  Marauder, Refinery  
  80  8:10  Marine  
  83  8:23  Marine x2  
  85  8:28  SCV x2  
  85  8:29  Marauder x2  
  85  8:31  Terran Infantry Armor Level 1, Terran Infantry Weapons Level 1  
  91  8:37  Orbital Command  
  91  8:40  SCV x2, Marine x2  
  95  8:52  SCV x2  
  93  9:04  SCV  
  93  9:08  Marine x6  
  93  9:09  Marauder, Marine  
  97  9:25  Marine  
  97  9:26  Orbital Command, Marine x4  
  97  9:27  Marauder  
  97  9:28  Marine  
  97  9:30  Widow Mine x2, Medivac x2  
  97  9:31  Marauder  
  115  9:36  SCV x3  
  118  9:43  Marine x2  
  118  9:44  Marine x2  
  118  9:45  Marine  
  123  9:46  Marine  
  123  9:48  Marauder, SCV x3  
  123  9:52  Marauder  
  131  10:00  SCV  
  131  10:01  Marine x3  
  135  10:10  Marauder  
  135  10:13  Marauder  
  139  10:19  Marine  
  139  10:20  Widow Mine, Marine x5  
  139  10:21  Widow Mine, Medivac x2  
  153  10:30  Marine  
  153  10:34  Armory  
  153  10:35  Marauder  
  156  10:39  Command Center  
  156  11:03  Marine x2  
  156  11:06  Marine  
  156  11:07  Marine  
  156  11:08  Marine  
  156  11:09  Marine  
  155  11:12  Marauder  
  155  11:13  Marauder  
  141  11:21  Marine x2  
  141  11:24  Marine  
  141  11:25  Marine  
  115  11:26  Marine x2  
  113  11:33  Marine  
  113  11:34  Marine  
  113  11:39  Marine x2  
  117  11:42  Marine  
  117  11:43  Marine  
  117  11:44  Marine  
  113  11:49  Marine  
  113  11:51  Marauder  
  113  11:53  Marauder  
  118  11:54  Barracks  
  118  11:55  Planetary Fortress  
  118  11:56  Barracks  
  118  11:57  Marine x2  
  118  11:58  Missile Turret, Barracks  
  118  11:59  Barracks  
  118  12:00  Marine  
  116  12:08  Terran Infantry Weapons Level 2, Terran Infantry Armor Level 2  
  116  12:12  Marine  
  116  12:13  Marauder, Marine x2  
  116  12:14  Marauder  
  116  12:15  Marine x2  
  125  12:20  Widow Mine x2, Marine  
  125  12:21  Medivac x2  
  134  12:28  Refinery  
  134  12:30  Refinery, Marine  
  134  12:31  Marine  
  134  12:32  Starport  
  134  12:34  Marauder, Marine  
  134  12:35  Marauder, Marine x2  
  143  12:37  Marine  
  143  12:38  Starport  
  144  12:48  Marine x2  
  144  12:56  Marauder  
  144  12:57  Marauder  
  146  12:58  Liberator  
  146  12:59  Liberator  
  146  13:02  Marine x4  
  146  13:04  Barracks Reactor x2, Barracks Tech Lab x2  
  145  13:06  Marine  
  139  13:14  Marine  
  139  13:16  Widow Mine x2  
  139  13:17  Marauder  
  139  13:18  Marauder  
  154  13:20  Marine x2  
  154  13:21  Marine x2  
  154  13:22  Marine x2  
  160  13:30  Refinery  
  160  13:31  Refinery  
  160  13:38  Marauder  
  160  13:39  Marauder  
  160  13:40  Marauder x2  
  164  13:48  Marine x4  
  156  13:49  Marine x5  
  156  13:50  Marine  
  156  13:54  Starport Reactor  
  165  13:57  Starport  
  165  14:00  Marauder, Starport Reactor  
  165  14:01  Marauder x2  
  171  14:05  Unknown x4  
  171  14:07  Marauder  
  169  14:17  Marine x7  
  159  14:18  Marine x3  
  159  14:21  Marauder  
  159  14:23  Marauder  
  165  14:24  Marauder  
  165  14:28  Marauder  
  144  14:35  Marine  
  130  14:42  Marauder  
  130  14:44  Marauder  
  120  14:45  Marauder  
  120  14:50  Marauder  
  120  14:51  Marine  
  120  14:52  Marine x8  
  106  14:53  Marine  
  99  15:03  Medivac x2  
  99  15:04  Marauder, Medivac  
  99  15:05  Marauder  
  99  15:06  Marine  
  106  15:11  Marauder  
  108  15:15  Marine x4  
  112  15:25  Marauder x2  
  112  15:27  Marauder  
  118  15:32  Marauder  
  118  15:33  Orbital Command  
  120  15:37  Marine x9  
  120  15:38  Marine  
  120  15:39  Terran Infantry Weapons Level 3  
  120  15:40  Liberator x4  
  120  15:41  Liberator  
  130  15:44  Terran Infantry Armor Level 3  
  130  15:46  Marauder  
  130  15:47  Marauder  
  130  15:48  Marine  
  126  15:53  Marine  
  126  16:04  Marine  
  126  16:05  Marine x7  
  126  16:06  Marine  
  126  16:07  Marine x2  
  137  16:16  Marine x2  
  137  16:17  Marine  
  140  16:22  Marine  
  140  16:23  Marine x7  
  128  16:41  Marauder  
  128  16:42  Marauder x3, Marine x10  
  141  16:59  Marine  
  141  17:00  Marine x9, Medivac x2  
  141  17:01  Medivac x3  
  160  17:03  Marauder x2, Marine x2  
  112  17:17  Marine  
  112  17:18  Marine x2  
  112  17:19  Marine  
  112  17:20  Marine  
  112  17:21  Marauder x2, Marine x2  
  112  17:22  Marine  
  123  17:24  Marauder  
  123  17:25  Marauder  
  125  17:31  Marine x2  
  125  17:35  Marine  
  125  17:36  Marine x2  
  130  17:43  Marauder x2  
  125  17:46  Marauder x2  
  125  17:47  Marine x5  
  125  17:48  Marine  
  125  17:49  Marine  
  136  18:04  Marauder x2  
  123  18:07  Marauder, Marine x6  
  123  18:08  Marine x3  
  124  18:14  Marine x2  
  117  18:24  Marine  
  117  18:25  Marauder, Marine  
  110  18:37  Marine x8  
  110  18:38  Marine x3  
  115  18:42  Marine x2  
  115  18:46  Marine  
  113  18:55  Marine x10  
  114  18:56  Marauder  
  114  19:00  Marine  
  101  19:44  Marauder x4, Marine x5  
  101  19:45  Marine x3  
  107  19:49  Marine  
  80  19:59  Marine  
  55  20:02  Marine x2  
  55  20:05  SCV  
  54  20:17  Missile Turret  
  54  20:18  Marine  
  54  20:19  Marine x3  
  54  20:20  Marine  
  59  20:22  Marine x2  
  61  20:31  Marauder, Marine x3  
  61  20:35  Marauder  
  68  20:38  Marauder  
  70  20:53  Marauder, Marine  
  70  20:54  Marauder  
  70  20:56  Marauder  
  77  20:59  Marauder  
  79  21:06  Marine  
  79  21:07  Marine x3  
  79  21:09  Marine  
  84  21:12  Orbital Command  
  84  21:13  Marine  
  84  21:14  Marauder  
Tags
 
Add a new tag
Caveats
  • Supply blocks, unpowered buildings, or Contaminate may cause inaccurate times.
  • Supply counts are checked every 10 seconds.